 Dungeon Crawl Stone Soup version 0.29.1-13-g9f3cf754e1 (webtiles) character file.

Game seed: 5172479186517994764

924 cheesebisquit the Basher (level 7, -4/66 HPs)
             Began as a Troll Fighter on Jan 25, 2023.
             Slain by a gnoll
             ... wielding a +0 flail
             ... led by a gnoll bouda
              (10 damage)
             ... on level 5 of the Dungeon.
             The game lasted 00:18:01 (3873 turns).

cheesebisquit the Basher (Troll Fighter)            Turns: 3873, Time: 00:18:02

Health: -4/66      AC:  5    Str: 27      XL:     7   Next: 84%
Magic:  6/6        EV: 10    Int:  3 (4)  God:
Gold:   175        SH: 10    Dex:  8 (9)  Spells: 6/6 levels left

rFire   . . .      SeeInvis .   a - +0 flail
rCold   . . .      Faith    .   g - +0 tower shield
rNeg    . . .      Spirit   .   b - +0 robe
rPois   .          Reflect  .   (helmet restricted)
rElec   .          Harm     .   l - +0 cloak
rCorr   .          Rampage  .   (gloves unavailable)
Will    .....                   (boots unavailable)
Stlth   +.........              (no amulet)
HPRegen 1.01/turn               h - +4 ring of evasion
MPRegen 0.10/turn               (no ring)

@: no status effects
A: large, unfitting armour, claws 3, regeneration 1, shaggy fur 1, tough skin 1
a: no special abilities


You were on level 5 of the Dungeon.
You visited 1 branch of the dungeon, and saw 5 of its levels.

You collected 175 gold pieces.

Inventory:

Hand Weapons
 a - a +0 flail (weapon)
Armour
 b - a +0 robe (worn)
 c - a +1 kite shield
 g - a +0 tower shield (worn)
 l - a +0 cloak (worn)
Jewellery
 h - a +4 ring of evasion (left claw)
Wands
 k - a wand of mindburst (12)
 u - a wand of iceblast (8)
Scrolls
 d - a scroll of fear {unknown}
 e - 2 scrolls of summoning {unknown}
 f - 2 scrolls of fog {unknown}
 j - 2 scrolls of teleportation {unknown}
 m - 2 scrolls of enchant armour
 n - a scroll of identify
 p - a scroll of vulnerability {unknown}
 t - a scroll of brand weapon {unknown}
 v - a scroll of noise {unknown}
Potions
 i - a potion of flight
 o - a potion of attraction
 q - 2 potions of mutation
 r - a potion of magic
 s - a potion of lignification {unknown}
 w - a potion of heal wounds


   Skills:
 - Level 2.4 Fighting
 + Level 8.5 Maces & Flails
 - Level 2.4 Dodging
 - Level 2.6 Shields


You had 6 spell levels left.
You didn't know any spells.
Your spell library contained the following spells:

 Spells                   Type           Power      Damage    Failure   Level
 Magic Dart               Conj           0%         1d3       99%         1
 Searing Ray              Conj           0%         2d4       100%        2
 Fulminant Prism          Conj/Hex       0%         3d6       100%        4


Dungeon Overview and Level Annotations

Branches:
Dungeon (5/15)
 Temple: D:4-7

Altars:
Cheibriados
Kikubaaqudgha
Qazlal
Vehumet
Zin

Shops:
D:1 [


Innate Abilities, Weirdness & Mutations

You are too large for most types of armour.
You have claws for hands.
Your natural rate of healing is unusually fast.
You are covered in fur. (AC +1)
You have tough skin. (AC +1)


Message History

You block the hound's attack.
You barely miss the hound.
The hound is severely wounded.
The gnoll barely misses you. The hound bites you.
* * * LOW HITPOINT WARNING * * *
You block the gnoll's attack. The hound bites you but does no damage.
You hit the hound.
You kill the hound!
The gnoll closely misses you.
You thump the gnoll!
The gnoll is heavily wounded.
The gnoll hits you from afar with a +0 spear.
* * * LOW HITPOINT WARNING * * *
You barely miss the gnoll.
The gnoll is heavily wounded.
The gnoll closely misses you.
The gnoll unwields a +0 sling.
The gnoll wields a +0 club.
You block the gnoll's attack. x2
The gnoll closely misses you.
The gnoll hits you from afar with a +0 spear.
* * * LOW HITPOINT WARNING * * *
You barely miss the gnoll.
The gnoll is heavily wounded.
You block the gnoll's attack. The gnoll barely misses you.
You block the gnoll's attack. The gnoll hits you with a +0 club.
* * * LOW HITPOINT WARNING * * *
You feel better. The gnoll hits you with a +0 flail.
* * * LOW HITPOINT WARNING * * *
The gnoll hits you from afar with a +0 spear.
* * * LOW HITPOINT WARNING * * *
The gnoll hits you with a +0 club!
* * * LOW HITPOINT WARNING * * *
The gnoll hits you but does no damage. The gnoll attacks as you move away!
The gnoll hits you with a +0 flail.
* * * LOW HITPOINT WARNING * * *
The gnoll attacks as you move away! The gnoll hits you with a +0 club.
* * * LOW HITPOINT WARNING * * *
You see here a potion of heal wounds.
w - a potion of heal wounds The gnoll hits you with a +0 flail!
You die...

..........###
..#..#......## .
#..#.....#.##
.###.#........#
#...##.#...#<.##
.....#.....#...#####
#...#†.........#...#
#####....#.#.......#
# #..###..##..@..# .
..####.......gg##
#...# .........)†#
### #......####g#
#.#..... ....
#.#.... .......
#..... ...###....
..... .... $.#.
..... ##


You could see 3 gnolls.

Vanquished Creatures
  Sigmund (D:4)
  A black bear (D:4)
  A centaur (D:4)
  2 howler monkeys (D:4)
  4 hounds
  Crazy Yiuf (D:4)
  2 gnoll boudas (D:5)
  An iguana (D:4)
  An orc wizard (D:3)
  3 adders
  10 gnolls
  5 worms
  6 dart slugs
  12 orcs
  10 ball pythons
  2 bats
  8 endoplasms
  7 giant cockroaches
  8 hobgoblins
  4 jackals (D:2)
  5 kobolds
  4 quokkas
  10 frilled lizards
  9 goblins
  8 rats
125 creatures vanquished.

Notes
Turn   | Place    | Note
-------+----------+-------------------------------------------
     0 | D:1      | cheesebisquit the Troll Fighter began the quest for the
                  | Orb.
     0 | D:1      | Reached XP level 1. HP: 22/22 MP: 0/0
     6 | D:1      | Noticed an iguana
     6 | D:1      | Noticed a servant of whispers
     7 | D:1      | Noticed a yaktaur captain
    67 | D:1      | Reached skill level 2 in Maces & Flails
   145 | D:1      | Found Volofruf's Armour Emporium.
   168 | D:1      | Reached XP level 2. HP: 29/29 MP: 1/1
   186 | D:1      | Found a faded altar of an unknown god.
   322 | D:1      | Reached skill level 3 in Maces & Flails
   390 | D:1      | Reached XP level 3. HP: 36/36 MP: 2/2
  1308 | D:2      | Reached XP level 4. HP: 41/44 MP: 3/3
  1310 | D:2      | Reached skill level 4 in Maces & Flails
  1680 | D:3      | Found a stormy altar of Qazlal.
  1996 | D:3      | Reached XP level 5. HP: 50/50 MP: 4/4
  2088 | D:3      | Found a radiant altar of Vehumet.
  2187 | D:3      | Reached skill level 5 in Maces & Flails
  2389 | D:3      | Found a faded altar of an unknown god.
  2393 | D:3      | Found a snail-covered altar of Cheibriados.
  2575 | D:4      | Noticed Sigmund
  2738 | D:4      | Killed Sigmund
  2739 | D:4      | Reached skill level 6 in Maces & Flails
  2739 | D:4      | Reached XP level 6. HP: 56/59 MP: 5/5
  2924 | D:4      | HP: 1/59 [black bear (4)]
  3104 | D:4      | Reached skill level 7 in Maces & Flails
  3104 | D:4      | Reached XP level 7. HP: 44/66 MP: 6/6
  3367 | D:4      | Found a runed translucent door.
  3367 | D:4      | Noticed Crazy Yiuf
  3407 | D:4      | Found a glowing silver altar of Zin.
  3472 | D:4      | Killed Crazy Yiuf
  3544 | D:5      | Entered Level 5 of the Dungeon
  3599 | D:5      | Found an ancient bone altar of Kikubaaqudgha.
  3748 | D:5      | Reached skill level 8 in Maces & Flails
  3873 | D:5      | Slain by a gnoll

Illustrated notes

Levels and vault maps discovered:
D:1:      onia_arrival_zoo_common, layout_basic, serial_shops,
          nicolae_shop_crystal, shapermc_ecumenical_altar_starsandcircs
D:2:      layout_basic
D:3:      layout_loops_ring, nicolae_qazlal_general_emergency,
          mainiacjoe_overflow_alcove_4, nicolae_overflow_ecumenical_swirl
D:4:      layout_loops_ring, zin_statuary, uniq_crazy_yiuf_cottage, uniq_sigmund
D:5:      nicolae_cairo_tiling, layout_cave_pools, overflow_temple_1_default,
          mainiacjoe_overflow_alcove_2

Skill      XL: |  1  2  3  4  5  6  7 |
---------------+----------------------+-----
Maces & Flails | 2 3 4 6 7 8 |  8.5
Fighting       | |  2.4
Dodging        | |  2.4
Shields        | |  2.6

Action                   |  1- 3 |  4- 6 |  7- 9 || total
-------------------------+-------+-------+-------++-------
Melee: Flail             |   150 |   205 |   114 ||   469
Throw: Stone             |    10 |       |       ||    10
       Dart              |       |       |     4 ||     4
       Boomerang         |       |       |     3 ||     3
  Use: Potion            |       |     4 |     2 ||     6
       Scroll            |       |     2 |     4 ||     6
Armor: Robe              |    34 |    31 |    20 ||    85
Dodge: Dodged            |    65 |   118 |    87 ||   270
Block: Kite shield       |    61 |    66 |    24 ||   151
       Tower shield      |       |       |    36 ||    36
